[Event "Polish Ekstraliga 2024"]
[Site "Walbrzych"]
[Date "2024.10.08"]
[Round "2.7"]
[White "Erdogmus, Yagiz Kaan"]
[Black "Harikrishna, Pentala"]
[Result "0-1"]
[ECO "A14"]
[WhiteElo "2601"]
[BlackElo "2688"]
[Annotator "TA"]
[PlyCount "84"]
[EventDate "2024.10.05"]
[EventType "team-tourn"]
[EventCountry "POL"]
[SourceTitle "playchess.com"]
[Source "ChessBase"]
[SourceQuality "1"]
[WhiteTeam "Legnica"]
[BlackTeam "Polonia Wroclaw"]
[TimeControl "40/5400+30:1800+30"]

1. Nf3 Nf6 2. g3 d5 3. Bg2 e6 4. O-O Be7 5. c4 O-O 6. b3 a5 7. Nc3 c6 8. Bb2 Nbd7 9. d4 b6 10. Nd2 Ba6 11. e4 b5 {[%emt 0:18:45] White is slightly better.} 12. e5 Ne8 13. c5 f6 14. exf6 Bxf6 15. Ne2 b4 16. Re1 Nxc5 {[%emt 0:11:09] And now ...Nd3 would win.} 17. Nf4 Nd3 18. Nxe6 Nxb2 19. Qc2 Qb6 20. Qxb2 Nd6 $1 21. Nxf8 (21. Rac1 $11) 21... Bxd4 $1 $17 22. Nd7 Qa7 23. Qc2 Bxf2+ {[%emt 0:05:46] This pair of bishops is nice.} (23... Qxd7 24. Rac1 Bc3 25. a3) 24. Kh1 Qxd7 25. Rec1 (25. Red1 $1 $15) 25... Rc8 {[%emt 0:04:24] Black is more active.} (25... Bb5 $1 $17 26. a4 bxa3 27. Rxa3 Bb6) 26. Nc4 Bd4 $1 27. Nxd6 Qxd6 28. Bh3 Bxa1 ({Black should try} 28... Rd8 $17 29. Rab1 Bc3) 29. Bxc8 $15 Bxc8 30. Rxa1 $17 {[%emt 0:00:09][%mdl 4096] Endgame. KQR-KQB} Qf6 31. Re1 ({White should play} 31. Rc1 $1 $11) 31... Bf5 $15 32. Qf2 Be4+ 33. Kg1 Qc3 $36 {[%emt 0:00:14][%mdl 2048] Black is more active.} 34. Re3 Qe5 35. Re1 h6 36. Rc1 (36. Re2 $15) 36... Kh7 (36... c5 $17 {[%cal Oc5c4] ...c4! is the strong threat.} 37. Qd2 (37. Rxc5 $2 {is the wrong capture.} Qa1+ 38. Qf1 Qxa2 $19) (37. Qxc5 $2 {too greedy.} Qb2 $19) 37... Qh5) 37. Qd2 d4 (37... Qh5 $17 {Hoping for ...Qf3.} 38. Qf2 Qe5) 38. Rc4 {[%emt 0:00:37] [#]} (38. Re1 $1 $11 Qd5 39. Qe2) 38... c5 $1 $17 39. Qe2 {[%emt 0:00:33][%mdl 8192] [#] Against Qh5. White does not recover from this.} (39. Qe1 $17) 39... Qf5 $1 $19 40. Qf2 {[%emt 0:00:00] aiming for Qxf5+.} Qd5 41. Qd2 (41. h4 $142 a4 42. Kh2) 41... Qh5 42. Qf4 Qe2 {[%emt 0:00:43] Weighted Error Value: White=0.52/Black=0.13 (very precise) .  Loses game:     	White=1     	---        Mistake:       	White=6     	Black=4      Inaccurate:     	White=4     	Black=2      OK:         	White=9     	Black=16     Best:        	White=6     	Black=2      Strong:       	---       	Black=5} 0-1

[Event "Polish Ekstraliga 2024"]
[Site "Walbrzych"]
[Date "2024.10.08"]
[Round "2.8"]
[White "Grandelius, Nils"]
[Black "Malek, Jan"]
[Result "1/2-1/2"]
[ECO "C60"]
[WhiteElo "2650"]
[BlackElo "2479"]
[Annotator "TA"]
[PlyCount "68"]
[EventDate "2024.10.05"]
[EventType "team-tourn"]
[EventCountry "POL"]
[SourceTitle "playchess.com"]
[Source "ChessBase"]
[SourceQuality "1"]
[WhiteTeam "Polonia Wroclaw"]
[BlackTeam "Legnica"]
[TimeControl "40/5400+30:1800+30"]

1. e4 e5 2. Nf3 Nc6 3. Bb5 Nge7 4. Nc3 Ng6 5. d4 exd4 6. Nxd4 Nxd4 7. Qxd4 c6 8. Be2 {[%emt 0:03:49] White has an edge.} Qb6 9. Qd3 Be7 10. a4 O-O 11. a5 Qc7 12. Qc4 Kh8 13. Nd5 Qe5 14. Nxe7 Qxe7 15. O-O f5 16. Ra4 Re8 17. Bd3 Ne5 18. Qc3 Nxd3 19. cxd3 ({But not} 19. Qxd3 fxe4 20. Qd4 d6 $11) 19... d6 20. Re1 c5 21. Bd2 {[%emt 0:02:24] [#] Strongly threatening exf5.} Bd7 22. exf5 Qf7 23. Rf4 Rxe1+ 24. Bxe1 Bxf5 25. h3 {[%emt 0:02:56] [#] And now g4 would win.} Qd5 26. Rf3 Re8 27. Bd2 Kg8 28. Rg3 Bg6 29. Qc4 Qxc4 30. dxc4 Re4 31. b3 Rd4 32. Bg5 Kf7 33. Re3 h6 34. Bd8 Re4 {[%emt 0:01:32] Weighted Error Value: White=0.06 (flawless) /Black=0.05 (flawless) .  Inaccurate:     	White=2     	Black=3      OK:         	White=13    	Black=15     Best:        	White=1     	Black=1} 1/2-1/2

[Event "Polish Ekstraliga 2024"]
[Site "Walbrzych"]
[Date "2024.10.08"]
[Round "2.9"]
[White "Kempinski, Robert"]
[Black "Bartel, Mateusz"]
[Result "0-1"]
[ECO "E15"]
[WhiteElo "2566"]
[BlackElo "2608"]
[Annotator "TA"]
[PlyCount "112"]
[EventDate "2024.10.05"]
[EventType "team-tourn"]
[EventCountry "POL"]
[SourceTitle "playchess.com"]
[Source "ChessBase"]
[SourceQuality "1"]
[WhiteTeam "Legnica"]
[BlackTeam "Polonia Wroclaw"]
[TimeControl "40/5400+30:1800+30"]

1. d4 Nf6 2. Nf3 e6 3. c4 b6 4. g3 Bb4+ 5. Bd2 Bxd2+ 6. Qxd2 Ba6 7. Na3 O-O 8. Bg2 {[%emt 0:00:31] E15: Queen's Indian: 4 g3 sidelines, 4 g3 Ba6 and 4 g3 Bb7 early deviations.} Bb7 9. O-O d6 10. Rfd1 Nbd7 11. Nb5 a6 12. Nc3 Ne4 13. Nxe4 Bxe4 14. d5 $146 ({Predecessor:} 14. Rac1 Nf6 15. Qe3 Qb8 16. Ne1 Bxg2 17. Nxg2 Qb7 18. d5 exd5 19. cxd5 Nxd5 20. Qf3 {½-½ Jussupow,A (2555)-Kuzmin,G (2545) Minsk International 1982 (11)}) 14... Nf6 15. Nd4 Bxg2 16. Kxg2 Qd7 17. Nc6 Rae8 18. Qc2 h5 19. f3 e5 20. b4 Nh7 21. a4 f5 22. e3 Ng5 23. f4 Ne4 24. fxe5 dxe5 25. a5 bxa5 26. Rxa5 Nf6 27. Qc3 Ng4 28. Re1 f4 29. exf4 (29. Rxa6 f3+) 29... exf4 30. gxf4 (30. Rxe8 $2 f3+ 31. Qxf3 Qxe8) 30... Rxf4 31. Raa1 Rfe4 (31... Rf2+ $2 32. Kg1 $17) 32. Rxe4 Rxe4 33. Qg3 (33. Qf3 $142 Qd6 (33... Rxc4 34. Re1 $17) 34. Qg3 (34. Qxe4 $2 Qxh2+ 35. Kf3 Qf2#)) 33... h4 34. Qf3 Re3 (34... Rxc4 35. Re1 Nf6 (35... Rc2+ 36. Re2 $11) 36. Ne7+ Kf7 37. Re6 $17) 35. Qf4 h3+ 36. Kg1 Re2 37. Rf1 Rg2+ (37... Rxh2 38. Qf8+ Kh7 39. Ne7 Rg2+ 40. Kh1 $11) (37... Nxh2 38. Rf2 Rxf2 39. Qxf2 $11) 38. Kh1 Rxh2+ 39. Kg1 Rg2+ 40. Kh1 Qe8 41. c5 Nf6 (41... Rh2+ $142 42. Kg1 Re2 43. Qxg4 Rg2+ 44. Qxg2 hxg2 45. Kxg2 Qe2+ 46. Rf2 Qg4+ 47. Kh2 Kh7) 42. Qf5 $19 Re2 43. Rg1 {[%emt 0:07:06] [#]} Qe3 (43... Ne4 $1 $19 {[%cal Re4f2] White must now prevent ...Nf2+.} 44. Nd4 (44. Qe6+ Qxe6) 44... Nf2+ 45. Kh2 Ng4+ 46. Kxh3 Nf2+ (46... Qe3+ 47. Nf3 $17) 47. Kg3 (47. Kg2 $2 Nd1+ 48. Kg3 Re5 $19) 47... Re5 (47... Qe3+ 48. Nf3 $11) 48. Kxf2 (48. Qxf2 $2 Qg6+ 49. Kf3 Qd3+ 50. Kg4 Re4+ 51. Kg5 Rxd4 $19) 48... Rxf5+ 49. Nxf5 Qe4 50. Rxg7+ Kf8) 44. d6 $2 (44. Qc8+ $17 Ne8 45. Qe6+ Qxe6 46. dxe6) 44... cxd6 $1 $19 45. cxd6 {[%emt 0:00:09] [#]} Rf2 $1 46. Ne7+ Kf7 47. Nd5 Qd2 (47... Rxf5 48. Nxe3 Re5 49. Rg3 $17) (47... Qe2 $142 48. Qxh3 Qe4+ (48... Nxd5 49. Qd7+ Ne7 50. Qxe7+ Qxe7 51. dxe7 $11) 49. Rg2 Qxd5 (49... Nxd5 50. Qd7+ Ne7 51. Qxe7+ Qxe7 52. Rxf2+ $19)) 48. Qg6+ $19 Ke6 49. Nc7+ Kxd6 50. Qg3+ Kc6 51. Qe5 Nd7 ({Not} 51... Qxb4 52. Qe6+ Kb7 (52... Kxc7 53. Rc1+) 53. Qxa6+ Kb8 54. Qa8+ Kxc7 55. Rc1+ (55. Rxg7+ Nd7 $11) 55... Kd7 56. Qc8+ Ke7 57. Rc7+ (57. Qxh3 Qe4+ 58. Kg1 Rf3) 57... Kd6 58. Qf8+ (58. Rxg7 $2 Qe4+ 59. Kg1 Qe1#) 58... Kxc7 59. Qxb4 $11) 52. b5+ axb5 53. Rg6+ Kb7 54. Qe4+ Kxc7 55. Qc6+ Kd8 56. Qa8+ Ke7 0-1

[Event "Polish Ekstraliga 2024"]
[Site "Walbrzych"]
[Date "2024.10.08"]
[Round "2.10"]
[White "Mastrovasilis, Dimitrios"]
[Black "Heberla, Bartlomiej"]
[Result "1-0"]
[ECO "C45"]
[WhiteElo "2532"]
[BlackElo "2501"]
[Annotator "TA"]
[PlyCount "131"]
[EventDate "2024.10.05"]
[EventType "team-tourn"]
[EventCountry "POL"]
[SourceTitle "playchess.com"]
[Source "ChessBase"]
[SourceQuality "1"]
[WhiteTeam "Polonia Wroclaw"]
[BlackTeam "Legnica"]
[TimeControl "40/5400+30:1800+30"]

1. e4 e5 2. Nf3 Nc6 3. d4 exd4 4. Nxd4 Qf6 5. Nb5 Bc5 6. Qe2 Bb6 7. N1c3 Nge7 8. Be3 Ba5 9. Qf3 Qg6 10. a3 a6 11. b4 axb5 12. bxa5 O-O 13. Bxb5 f5 14. O-O Rxa5 15. a4 d6 16. Qg3 Qf7 17. f4 Be6 18. Rfe1 h6 19. Rab1 b6 20. h3 Raa8 21. Rbd1 Bc4 22. Nd5 Bxb5 23. axb5 Nxd5 24. exd5 Ne7 25. Bd4 Nxd5 26. Bxg7 Qxg7 27. Qb3 Kh8 28. Qxd5 Ra4 29. c4 Ra3 30. Rd3 Rxd3 31. Qxd3 Rg8 32. Re2 (32. Qxf5 $2 Qxg2#) (32. Qd2 {keeps more tension.} Qg3 33. Re6 Kh7 34. Re3) 32... Qf7 33. Kh2 h5 34. h4 (34. Re3 $16) 34... Qf6 $11 35. g3 Qf7 36. Kh3 Kh7 37. Re3 Qg6 (37... Kg6 $11) 38. Kh2 Rg7 39. Qe2 Kg8 40. Qf3 Kh7 41. Qd5 Rf7 42. Kg2 Qf6 43. Re6 Qb2+ $1 44. Kh3 Kg7 (44... Qa1 $14) 45. Qd1 $1 $16 Qf2 46. Re8 (46. Qxh5 $6 Qf1+ 47. Kh2 Qf2+ 48. Kh3 Qf1+ 49. Kh2 Qf2+ 50. Kh3 $11) 46... Rf6 47. Re7+ $1 (47. Qxh5 $6 Qf1+ 48. Kh2 Qf2+ 49. Kh1 Qf1+ 50. Kh2 Qf2+ 51. Kh1 Qf1+ 52. Kh2 $11) 47... Kh6 48. Qa1 (48. Rxc7 $6 Rg6 49. Qd3 Qg1 $11) 48... Kg6 49. Rxc7 Qe2 50. Qa8 Qg4+ 51. Kh2 Qe2+ (51... Rf8 $16 {was necessary.} 52. Qc6 (52. Qxf8 Qe2+ 53. Kg1 Qe1+ 54. Kg2 Qe2+ 55. Kg1 Qe3+ 56. Kg2 Qe2+ 57. Kg1 $11) 52... Qe2+ 53. Qg2 Qd3) 52. Kh3 $2 (52. Qg2 $18 Qd3 53. Re7) 52... Qg4+ $11 53. Kh2 $2 (53. Kg2 $11 Qe2+ 54. Kh3) 53... Qe2+ $18 54. Qg2 Qe1 $2 (54... Qd3) 55. Qb2 $1 $18 Rf7 56. Rc6 Rf6 {[%emt 0:00:13] [#]} 57. Rc8 $1 (57. Rxb6 Re6 58. Kh3 (58. Qg2 $2 Re2 $19) 58... Qh1+ 59. Qh2 Qf3 $19) 57... Qd1 58. Re8 Kf7 {[%emt 0:00:50] [#]} 59. Re2 $2 (59. Rh8 $1 $18 {[%cal Oc4c5] Black must now prevent c5!} Qf3 60. Rh7+ Kg6 61. Rh8 (61. Rh6+ Kxh6 62. Qxf6+ Kh7 $18)) 59... Re6 $14 60. Rd2 Qf1 61. Qc2 Re4 62. Rf2 (62. Rxd6 $2 {loses.} Re2+ $19 (62... Qxc4 63. Qxc4+ Rxc4 64. Kg1 $18) (62... Qxc4 $2 63. Qxc4+ Rxc4 64. Kg2 $18)) 62... Qxc4 63. Qd1 Kg6 ({Better is} 63... Qxb5 $14 64. Qxh5+ (64. Qxd6 Re2 $11) 64... Kg7) 64. Qxd6+ $18 Qe6 65. Qd8 Re2 $2 (65... Qf6 $18 66. Qg8+ Qg7) 66. Qg5+ 1-0

[Event "Polish Ekstraliga 2024"]
[Site "Walbrzych"]
[Date "2024.10.08"]
[Round "2.11"]
[White "Bobras, Piotr"]
[Black "Gumularz, Szymon"]
[Result "0-1"]
[ECO "C79"]
[WhiteElo "2428"]
[BlackElo "2559"]
[Annotator "TA"]
[PlyCount "120"]
[EventDate "2024.10.05"]
[EventType "team-tourn"]
[EventCountry "POL"]
[SourceTitle "playchess.com"]
[Source "ChessBase"]
[SourceQuality "1"]
[WhiteTeam "Legnica"]
[BlackTeam "Polonia Wroclaw"]
[TimeControl "40/5400+30:1800+30"]

1. e4 e5 2. Nf3 Nc6 3. Bb5 a6 4. Ba4 Nf6 5. O-O d6 6. Bxc6+ bxc6 7. d4 exd4 8. Nxd4 c5 9. Ne2 Bb7 10. f3 g6 11. c4 {[%emt 0:01:45] The position is equal.} Bg7 12. Nbc3 (12. Bg5 {is more complex.} h6 13. Bh4 O-O 14. Nbc3) 12... O-O 13. b3 Nd7 14. Bb2 f5 15. exf5 Rxf5 16. Ng3 Rf7 17. Qd2 Bd4+ {[%emt 0:07:48] A strong pair of Bishops.} 18. Kh1 Qh4 19. Nce4 Bxb2 20. Qxb2 Raf8 {[%emt 0:00:10] Strongly threatening ...Bxe4.} 21. Rae1 g5 22. Qd2 h6 23. Nc3 Ne5 24. Nd5 Qd4 25. Qc2 {[%emt 0:02:47][%cal Og3f5] And now Nf5! would win.} Bxd5 26. Rd1 {[%emt 0:00:06] [#]} Qh4 27. Rxd5 g4 28. Qe4 Rf4 29. Qe2 (29. Rxe5 $1 $15 Rxe4 (29... dxe5 30. Qg6+ Kh8 31. Nh5 $11) 30. Rxe4) 29... gxf3 $17 30. gxf3 Kh8 {[%emt 0:01:34] Black is more active.} (30... Nxf3 31. Rh5 Qf6 32. Qe3) (30... Rxf3 31. Rxf3 Nxf3 (31... Rxf3 $2 {is the wrong capture.} 32. Rxe5 Rf8 33. Re7 $18) 32. Nf5 $15) 31. Rxe5 dxe5 32. Qxe5+ Qf6 33. Qxf6+ R8xf6 {[%emt 0:01:16][%mdl 4096] Endgame. KRR-KRN} 34. Kg2 Rg6 (34... a5 $142 35. Nh5 Rg6+ 36. Kh3 Rd4) 35. Re1 h5 36. Re8+ (36. Kf2 $15 {was preferrable.}) 36... Kh7 {[%emt 0:02:38] ...h4 would now be deadly.} 37. Re7+ Kh6 38. Kf2 Rgf6 39. Re3 Rd4 40. Ne4 Re6 41. Re1 a5 42. a4 Rd8 43. h4 Rf8 44. Kg3 Rb8 45. Rb1 Rd8 46. Kf4 {[%emt 0:01:25] [#]} (46. Kf2 $17) 46... Rd3 $1 $19 47. Rb2 Rb6 48. Ng5 (48. Rg2 $142) 48... Rdxb3 ({Worse is} 48... Rbxb3 49. Re2 $11) 49. Re2 Rf6+ 50. Ke5 Rf8 51. f4 (51. Kd5 {only move.}) 51... Kg6 52. Ne6 Rf5+ 53. Ke4 Rc3 {[%emt 0:00:18] Black is clearly winning.} 54. Rg2+ Kf6 55. Nxc7 {[%emt 0:00:26] Hoping for Nd5+.} Rxc4+ 56. Ke3 Rxa4 57. Rg8 Kf7 58. Rd8 Rd4 59. Rh8 Rdxf4 60. Nb5 Kg7 {[%emt 0:00:08] Weighted Error Value: White=0.32/Black=0.08 (flawless) .  Mistake:       	White=5     	Black=1      Inaccurate:     	White=4     	Black=1      OK:         	White=15    	Black=17     Best:        	White=4     	Black=9      Strong:       	---       	Black=1} 0-1

[Event "Polish Ekstraliga 2024"]
[Site "Walbrzych"]
[Date "2024.10.08"]
[Round "2.12"]
[White "Zawadzka, Jolanta"]
[Black "Sliwicka, Alicja"]
[Result "1/2-1/2"]
[ECO "B62"]
[WhiteElo "2349"]
[BlackElo "2371"]
[Annotator "RC"]
[PlyCount "52"]
[EventDate "2024.10.05"]
[EventType "team-tourn"]
[EventCountry "POL"]
[SourceTitle "playchess.com"]
[Source "ChessBase"]
[SourceQuality "1"]
[WhiteTeam "Polonia Wroclaw"]
[BlackTeam "Legnica"]
[TimeControl "40/5400+30:1800+30"]

1. e4 c5 2. Nf3 Nc6 3. d4 cxd4 4. Nxd4 Nf6 5. Nc3 d6 6. Bg5 e6 7. Qd3 Bd7 8. O-O-O a6 9. f4 h6 10. Bh4 Be7 11. Nf3 Rc8 12. Kb1 b5 13. e5 dxe5 14. fxe5 Nd5 15. Bxe7 Qxe7 16. Nxd5 exd5 17. Qxd5 Bf5 18. Bd3 Nb4 19. Qd6 Nxd3 20. cxd3 Qxd6 21. exd6 O-O 22. Nd4 Bg6 23. Rhf1 Rfd8 24. Nf5 Bxf5 25. Rxf5 Rxd6 26. Rf3 Kf8 1/2-1/2

[Event "Polish Ekstraliga 2024"]
[Site "Walbrzych"]
[Date "2024.10.08"]
[Round "2.13"]
[White "Bluebaum, Matthias"]
[Black "Janik, Igor"]
[Result "1-0"]
[ECO "E15"]
[WhiteElo "2646"]
[BlackElo "2501"]
[Annotator "TA"]
[PlyCount "59"]
[EventDate "2024.10.05"]
[EventType "team-tourn"]
[EventCountry "POL"]
[SourceTitle "playchess.com"]
[Source "ChessBase"]
[SourceQuality "1"]
[WhiteTeam "Raciborz"]
[BlackTeam "Gorzow Wlkp"]
[TimeControl "40/5400+30:1800+30"]

1. Nf3 Nf6 2. c4 b6 3. d4 e6 4. g3 Ba6 5. b3 Bb4+ 6. Bd2 Be7 7. Bg2 d5 8. cxd5 exd5 9. O-O O-O 10. Nc3 Re8 11. Rc1 Nbd7 12. Ne5 Bb7 {[%emt 0:00:10] Prevents Nc6} 13. Rc2 {[%emt 0:00:42] The position is equal.} c6 14. Bc1 Bd6 15. f4 c5 16. e3 Rc8 17. Bh3 cxd4 18. exd4 Bb4 19. Bb2 Bxc3 20. Bxc3 Rc7 21. Bb4 Nxe5 22. fxe5 Ne4 (22... Rxc2 $1 $11 23. Qxc2 Ne4) 23. Rxc7 $16 Qxc7 {[%emt 0:00:04] [#]} 24. Qc1 (24. e6 $1 $16 Ng5 (24... fxe6 $2 {loses.} 25. Bxe6+ Kh8 26. Rf7 $18) 25. exf7+ Nxf7 26. Qf3) 24... Qd8 $11 25. e6 fxe6 {[%emt 0:03:43] [#]} 26. Bxe6+ $1 $40 {[%emt 0:00:38][%mdl 128] Black needs to defend precisely.} Rxe6 {[%emt 0:12:04] [#]} 27. Qc7 $1 Re8 (27... Qe8 $18) 28. Qf7+ Kh8 {[%emt 0:00:04] ...Bc6 would now be deadly.} 29. Bf8 $1 ({Not} 29. Qxb7 a5 30. Be1 h6 $11) 29... Qg5 30. Bxg7+ {[%emt 0:00:05] Weighted Error Value: White=0.09 (flawless) /Black=0.36.  Loses game:     	---       	Black=2      Mistake:       	White=1     	Black=2      Inaccurate:     	White=1     	Black=2      OK:         	White=6     	Black=6      Best:        	White=1     	Black=1      Strong:       	White=1     	---} ({Weaker is} 30. Qxe8 Qe3+ 31. Kg2 Qe2+ 32. Kg1 Qe3+ 33. Kg2 Qe2+ 34. Kg1 Qe3+ $11) 1-0

[Event "Polish Ekstraliga 2024"]
[Site "Walbrzych"]
[Date "2024.10.08"]
[Round "2.14"]
[White "Krasenkow, Michal"]
[Black "Donchenko, Alexander"]
[Result "1-0"]
[ECO "E14"]
[WhiteElo "2490"]
[BlackElo "2626"]
[Annotator "TA"]
[PlyCount "61"]
[EventDate "2024.10.05"]
[EventType "team-tourn"]
[EventCountry "POL"]
[SourceTitle "playchess.com"]
[Source "ChessBase"]
[SourceQuality "1"]
[WhiteTeam "Gorzow Wlkp"]
[BlackTeam "Raciborz"]
[TimeControl "40/5400+30:1800+30"]

1. d4 Nf6 2. c4 e6 3. Nf3 b6 4. e3 Bb7 5. Bd3 Be7 6. O-O O-O 7. Nc3 d5 8. b3 Nbd7 9. Bb2 c5 10. Rc1 Rc8 11. Rc2 Qc7 12. Nb5 Qb8 {[%emt 0:00:30] The position is equal.} 13. Ne5 a6 14. cxd5 (14. Nc3 $11 {and White has nothing to worry.}) 14... exd5 $2 (14... axb5 $19 15. Nxd7 Nxd7 16. dxe6 fxe6 17. dxc5 Nxc5 (17... bxc5 18. Qh5 $15) (17... Rxc5 $2 18. Bxb5 Rxc2 19. Qxc2 $17) 18. Bxb5 Rcd8) 15. Nxd7 (15. Bf5 {with more complications.} Rfd8 16. Nxd7 Nxd7 17. dxc5 Rxc5 18. Nd4) 15... Nxd7 16. dxc5 axb5 (16... Nxc5 $11 17. Nd4 Nxd3 18. Qxd3 Rxc2 19. Qxc2 Rc8) 17. Bxg7 $1 $16 {[%emt 0:01:16] Qg4 would now be deadly. White is more active.} Kxg7 (17... Nf6 $16 {is a better defense.} 18. Bxf8 Kxf8) 18. Qg4+ $18 Kh8 19. Qxd7 $40 {[%emt 0:00:21][%mdl 128] Black is in trouble.} Bxc5 20. Qf5 $1 (20. Qxb5 $2 Bc6 21. Qa6 Qe5 22. Rxc5 bxc5 $19) 20... Kg7 21. b4 $1 {[%emt 0:15:02][%mdl 1024] Strongly threatening Rfc1. White has strong compensation.} (21. Bxb5 $2 Qd6 22. Bd3 Qh6 $17) (21. Qxh7+ Kf6 $11) 21... Bd6 $2 (21... Rg8) 22. Qg5+ $1 (22. Bxb5 Bxh2+ (22... Bxb4 $2 23. Qg4+ Kh8 24. Rxc8 $18) 23. Kh1 Qd6 24. Rxc8 Rxc8 $17 (24... Bxc8 25. Qg5+ Kh8 26. g3 $17)) (22. Qxh7+ Kf6 $11) 22... Kh8 {[%emt 0:00:01] Threatens to win with ...f5.} 23. Qf6+ Kg8 {[%emt 0:00:02] [#]} 24. Bf5 $1 {[%emt 0:03:06] Threatening mate with Qg5+.} (24. Qh6 $2 f5 25. Rcc1 Rxc1 (25... Bxb4 $2 26. Qe6+ Rf7 27. Bxf5 $19) 26. Rxc1 d4 (26... Bxb4 $2 27. Qxb6 Bd6 28. Qxb5 $17) 27. Bxb5 Be5 $19 (27... Bxb4 28. Qe6+ Kh8 29. Qxb6 $17)) 24... Rfd8 $2 {[%emt 0:17:26] [#]} (24... Bxh2+ 25. Kh1 Qe5 26. Qg5+ Kh8) 25. Qh6 $1 ({Not} 25. Bxc8 Rxc8 26. Rxc8+ Bxc8 $14) 25... Rc7 26. Bxh7+ Kh8 27. Bf5+ Kg8 28. Rfc1 (28. f4 $142 Bc8 29. Bh7+ (29. Qg5+ Kf8 $18) 29... Kh8 30. Bd3+ Kg8 31. Rf3 (31. Qg5+ Kf8 $18) 31... Bf5 32. Bxf5 Bxf4 33. Bh7+ Kh8 34. Qf6+ (34. exf4 Rd6 35. Bg6+ Kg8 36. Rh3 fxg6 37. Qh8+ Kf7 38. Rh7+ Ke6 39. Qe5#) 34... Kxh7 35. Rh3+ Bh6 36. Rxh6+ Kg8 37. Rh8#) 28... Rcd7 29. f4 {[%emt 0:04:29] White wants to mate with Rf1.} Qa8 30. Rf1 d4 {[%emt 0:01:13] [#]} 31. Rf3 $1 {[%emt 0:00:38][%mdl 512] Weighted Error Value: White=0.18 (very precise) /Black=1.26.  Loses game:     	White=1     	Black=1      Missed win:     	---       	Black=1      Mistake:       	---       	Black=4      Inaccurate:     	White=1     	Black=1      OK:         	White=4     	Black=3      Best:        	White=1     	Black=1      Strong:       	White=6     	---} 1-0

[Event "Polish Ekstraliga 2024"]
[Site "Walbrzych"]
[Date "2024.10.08"]
[Round "2.15"]
[White "Huschenbeth, Niclas"]
[Black "Dzida, Kamil"]
[Result "1-0"]
[ECO "B96"]
[WhiteElo "2600"]
[BlackElo "2384"]
[Annotator "TA"]
[PlyCount "30"]
[EventDate "2024.10.05"]
[EventType "team-tourn"]
[EventCountry "POL"]
[SourceTitle "playchess.com"]
[Source "ChessBase"]
[SourceQuality "1"]
[WhiteTeam "Raciborz"]
[BlackTeam "Gorzow Wlkp"]
[TimeControl "40/5400+30:1800+30"]

1. e4 c5 2. Nf3 d6 3. d4 cxd4 4. Nxd4 Nf6 5. Nc3 a6 6. Bg5 e6 7. f4 h6 8. Bh4 Qb6 9. a3 Nbd7 (9... Qxb2 $2 10. Na4 $18) 10. Bf2 {[%emt 0:02:33][%cal Od4e6] [#] Black must now prevent Nxe6!} Qc7 (10... Qxb2 $2 {is the wrong capture.} 11. Na4 $18) 11. Qf3 b5 {[%emt 0:01:29] The position is equal.} 12. O-O-O Bb7 13. g4 Nc5 14. Bd3 d5 {[%emt 0:00:57] [#] ...b4 would now be deadly.} 15. e5 Nfe4 {[%emt 0:00:07][%mdl 32768] A rather calm draw.   Weighted Error Value: White=0.06 (flawless) /Black=0.00 (flawless) .  Inaccurate:     	White=1     	---        OK:         	White=1     	Black=4      Best:        	White=1     	---       . Loss on time!?} 1-0